 Dungeon Crawl Stone Soup version 0.25-a0-766-g0ecfff5982 (webtiles) character file.

Game seed: 16480436527316732401, levelgen mode: deterministic

142 truemonolith the Cudgeler (level 5, -1/30 HPs)
             Began as a Gargoyle Gladiator on Apr 13, 2020.
             Slain by a gnoll (4 damage)
             ... on level 2 of the Dungeon.
             The game lasted 00:04:05 (1438 turns).

truemonolith the Cudgeler (Gargoyle Gladiator)      Turns: 1438, Time: 00:04:05

Health: -1/30      AC:  8    Str: 18    XL:     5   Next: 25%
Magic:  5/5        EV: 12    Int:  8    God:
Gold:   175        SH:  0    Dex: 12    Spells: 4/4 levels left

rFire    . . .     SeeInvis .   k - +4 mace
rCold    . . .     Gourm    .   (no shield)
rNeg     + . .     Faith    .   o - +0 leather armour (curse)
rPois    ∞         Spirit   .   c - +0 helmet
rElec    +         Reflect  .   q - scarf {repulsion}
rCorr    .         Harm     .   (no gloves)
MR       .....                  (no boots)
Stlth    +.........             (no amulet)
HPRegen  0.10/turn              (no ring)
MPRegen  0.09/turn              (no ring)

@: repel missiles
A: negative energy resistance 1, electricity resistance, unbreathing,
petrification resistance, rot immunity, AC +4
a: no special abilities


You were on level 2 of the Dungeon.
You were hungry.

You visited 1 branch of the dungeon, and saw 3 of its levels.

You collected 175 gold pieces.

Inventory:

Hand Weapons
 a - a +0 flail
 k - a +4 mace (weapon)
Missiles
 d - 3 throwing nets (quivered)
Armour
 b - a +0 leather armour
 c - a +0 helmet (worn)
 o - a cursed +0 leather armour (worn)
 q - a scarf of repulsion (worn)
Jewellery
 l - a cursed ring of attention
Scrolls
 e - a scroll of teleportation
 i - 2 scrolls of remove curse {unknown}
 n - a scroll of immolation {unknown}
 p - a scroll of blinking {unknown}
Potions
 g - a potion of brilliance {unknown}
 h - a potion of curing {unknown}
 j - a potion of cancellation {unknown}
 m - a potion of mutation {unknown}
Comestibles
 f - 4 rations


   Skills:
 - Level 2.1 Fighting
 + Level 5.6 Maces & Flails
 - Level 1.7 Throwing
 - Level 2.6 Dodging


You had 4 spell levels left.
You didn't know any spells.
Your spell library was empty.

Dungeon Overview and Level Annotations

Branches:
Dungeon (3/15)

Altars:
Sif Muna


Innate Abilities, Weirdness & Mutations

You are resistant to torment.
Your stone body is resilient. (AC +4)
You are immune to poison.
You resist negative energy. (rN+)
You are resistant to electric shocks. (rElec)
You can survive without breathing.
You are immune to petrification.
You are immune to rotting.


Message History

You can't do that while held in a net.
You shred the net and break free! The gnoll hits you with a +0 flail!
The rat bites you but does no damage. The gnoll hits you with a +0 flail.
The gnoll completely misses you. The gnoll hits you.
You climb upwards.
There is a stone staircase leading down here.
You sock the gnoll!
The gnoll is almost dead.
The rat misses you. The gnoll misses you. The gnoll completely misses you.
The gnoll misses you. The rat closely misses you.
You hit the gnoll but do no damage.
The gnoll is almost dead.
The gnoll misses you. The gnoll hits you.
* * * LOW HITPOINT WARNING * * *
The rat bites you but does no damage. The gnoll hits you with a +0 flail.
* * * LOW HITPOINT WARNING * * *
You closely miss the gnoll.
The gnoll is almost dead.
The gnoll completely misses you. The gnoll hits you.
You die...

############
#..........#
#.########.# #.#...# #.#
## #.#.#g# #.# #.
#.#.#@####.##########.
#.#.ggr.............#.
#.#..#####.##.#####...
#.#..# #.##.# #...
#.#..# #.##.# ##..
###.#..# #.##.# ##.
#......#####.##.# #.
#.#).........##.# #.
#.###..########.########


You could see 3 gnolls and a rat.

Vanquished Creatures
  A jelly (D:2)
  Jessica (D:2)
  6 adders (D:2)
  3 giant cockroaches
  2 goblins (D:1)
  6 hobgoblins
  6 kobolds
  6 bats
  3 frilled lizards (D:1)
  5 rats
39 creatures vanquished.

Notes
Turn   | Place    | Note
-------+----------+-------------------------------------------
     0 | D:1      | truemonolith the Gargoyle Gladiator began the quest for the
                  | Orb.
     0 | D:1      | Reached XP level 1. HP: 12/12 MP: 1/1
    85 | D:1      | Reached XP level 2. HP: 15/17 MP: 2/2
   543 | D:2      | Reached skill level 4 in Maces & Flails
   543 | D:2      | Reached XP level 3. HP: 21/21 MP: 3/3
   611 | D:2      | Reached XP level 4. HP: 24/26 MP: 4/4
   616 | D:2      | Noticed Jessica
   623 | D:2      | Killed Jessica
   623 | D:2      | Reached skill level 5 in Maces & Flails
   768 | D:2      | Reached XP level 5. HP: 22/30 MP: 5/5
  1143 | D:2      | Found a shimmering blue altar of Sif Muna.
  1438 | D:2      | Slain by a gnoll

Levels and vault maps discovered:
D:1:      dpeg_arrival_boxorama, layout_basic, serial_bayou_pond_a,
          nrook_loot_triangle
D:2:      layout_loops_ring, led_sif_pool, minmay_tetromino_l2, uniq_jessica
D:3:      layout_loops_ring, lemuel_round_altar, first_ration,
          minmay_stone_trees_medium, st_stairs_6

Skill      XL: |  1  2  3  4 |
---------------+-------------+-----
Maces & Flails | 4 5 |  5.6
Fighting       | |  2.1
Throwing       | |  1.7
Dodging        | |  2.6

Action                   |  1- 3 |  4- 6 || total
-------------------------+-------+-------++-------
Melee: Flail             |    60 |       ||    60
       Mace              |     4 |    48 ||    52
  Use: Scroll            |       |     2 ||     2
  Eat: Chunk             |       |     1 ||     1
Armor: Leather armour    |    30 |    28 ||    58
Dodge: Dodged            |    46 |    47 ||    93

Table legend:
 A = Non-vault XP
 B = Vault XP
 C = Vault XP percentage of total XP
 D = Non-vault monster count
 E = Vault monster count
 F = Vault count percentage of total count
                 A         B        C        D         E       F
            +---------+---------+-------+---------+---------+-------
      Total |     165 |      39 |  19.1 |      36 |       3 |   7.7
            +---------+---------+-------+---------+---------+-------
        D:1 |      28 |       0 |   0.0 |      19 |       0 |   0.0
        D:2 |     137 |      39 |  22.2 |      17 |       3 |  15.0
            +---------+---------+-------+---------+---------+-------
